 Dungeon Crawl Stone Soup version 0.22-a0-542-gce4f928 (webtiles) character file.

296 Gildeon the Slasher (level 6, -6/47 HPs)
             Began as a Human Fighter on June 24, 2018.
             Mangled by a small abomination (13 damage)
             ... on level 1 of the Abyss.
             The game lasted 00:11:22 (3847 turns).

Gildeon the Slasher (Human Fighter)                 Turns: 3847, Time: 00:11:23

Health: -6/47      AC:  9    Str: 14    XL:     6   Next: 61%
Magic:  4/4        EV:  6    Int:  8    God:
Gold:   153        SH:  8    Dex: 13    Spells: 5/5 levels left

rFire    . . .     SeeInvis +   a - +1 long sword
rCold    . . .     Gourm    .   c - +0 shield
rNeg     . . .     Faith    .   b - +0 scale mail
rPois    .         Spirit   .   d - +0 helmet
rElec    .         Reflect  .   h - +0 cloak
rCorr    .         Harm     .   (no gloves)
MR       .....                  (no boots)
Stlth    ..........             (no amulet)
HPRegen  0.15/turn              k - ring of loudness (curse)
MPRegen  0.09/turn              l - ring of see invisible

@: no status effects
A: [blurry vision 2], [low mp 3], [weak 2]
a: no special abilities


You were on level 1 of the Abyss.
You were not hungry.

You visited 1 branch of the dungeon, and saw 4 of its levels.
You visited the Abyss 1 time.

You collected 153 gold pieces.

Inventory:

Hand Weapons
 a - a +1 long sword (weapon)
 i - a +2 trident of protection
Missiles
 e - 3 javelins (quivered)
Armour
 b - a +0 scale mail (worn)
 c - a +0 shield (worn)
 d - a +0 helmet (worn)
 h - a +0 cloak (worn)
 v - a +2 ring mail of magic resistance
Jewellery
 k - a cursed ring of loudness (left hand)
 l - a ring of see invisible (right hand)
 o - a cursed -3 ring of evasion {unknown}
Wands
 m - a wand of enslavement (9)
Scrolls
 g - a scroll of fear {unknown}
 j - 2 scrolls of teleportation
 s - 2 scrolls of identify
Potions
 n - a potion of lignification
 p - a potion of degeneration {unknown}
 q - a potion of curing {unknown}
 r - a potion of heal wounds {unknown}
 t - a potion of agility {unknown}
Comestibles
 f - 4 rations


   Skills:
 - Level 3.0 Fighting
 + Level 6.5 Long Blades
 - Level 3.0 Armour
 - Level 3.0 Shields


You had 5 spell levels left.
You didn't know any spells.
Your spell library was empty.

Dungeon Overview and Level Annotations

Branches:
Dungeon (4/15)
 Temple: D:4-7

Altars:
Dithmenos
Gozag
Kikubaaqudgha
Ru
Yredelemnul


Innate Abilities, Weirdness & Mutations

[Scrolls take you longer to read.]
[Your magical capacity is extremely low. (-30% MP)]
[You are very weak. (Str -4)]


Message History

The small abomination closely misses you.
You slash the small abomination!
The small abomination is moderately damaged.
The small abomination hits you.
* * * LOW HITPOINT WARNING * * *
Okay, then.
The wretched star pulses with an eldritch light!
Your vision blurs. x2; You feel less energetic. x2
The small abomination barely misses you.
The small abomination hits you.
* * * LOW HITPOINT WARNING * * *
The small abomination closely misses you.
The wretched star pulses with an eldritch light!
You feel less energetic.
You feel weaker. x2
Really read with blurry vision while enemies are nearby? [Y]es or [N]o only, please.
Really read with blurry vision while enemies are nearby?
The large abomination hits you but does no damage.
The small abomination hits you!
You die...

#......#. .# #
.###.#.. .....#. .#
#... # . #.###.# #.
#.## ##.#.#..#. .
#.# #.#####.#..#.###
.. #.#..#.... # ..
#. #.###.....## #>
####.z.##..#..#
##@X.3...#...#
##..x...*..#...##
#..####..###§#..#§.#
# #.##..# ####.# .#
.#..# ### .## #. .#
# ## .


You could see a wretched star, a large abomination, a smoke demon, a small
abomination and a flying skull.

Vanquished Creatures
  A scorpion (D:2)
  A water moccasin skeleton (D:3)
  Crazy Yiuf (D:2)
  Terence (D:2)
  Robin (D:2)
  3 gnolls (D:3)
  2 adders
  An ooze (D:3)
  A worm (D:2)
  A dart slug (D:1)
  A leopard gecko (D:1)
  3 orcs (D:3)
  A ball python (D:1)
  4 giant cockroaches
  11 goblins
  15 hobgoblins
  2 jackals (D:3)
  6 bats
  2 frilled lizards (D:2)
  8 kobolds
  8 rats
74 creatures vanquished.

Vanquished Creatures (collateral kills)
  2 orcs
2 creatures vanquished.

Vanquished Creatures (others)
  A human (D:2)
1 creature vanquished.

Grand Total: 77 creatures vanquished

Notes
Turn   | Place    | Note
-------+----------+-------------------------------------------
     0 | D:1      | Gildeon the Human Fighter began the quest for the Orb.
     0 | D:1      | Reached XP level 1. HP: 18/18 MP: 1/1
   117 | D:1      | Reached XP level 2. HP: 24/24 MP: 2/2
   304 | D:1      | Reached skill level 3 in Long Blades
   453 | D:1      | Reached XP level 3. HP: 23/29 MP: 3/3
   973 | D:2      | Found a basalt altar of Yredelemnul.
   980 | D:2      | Noticed Robin
  1002 | D:2      | Killed Robin
  1002 | D:2      | Reached skill level 4 in Long Blades
  1002 | D:2      | Reached XP level 4. HP: 13/35 MP: 4/4
  1436 | D:2      | Found a shadowy altar of Dithmenos.
  1454 | D:2      | Found an opulent altar of Gozag.
  1589 | D:2      | Reached skill level 5 in Long Blades
  1589 | D:2      | Reached XP level 5. HP: 12/41 MP: 5/5
  2008 | D:2      | Noticed Terence
  2041 | D:2      | HP: 2/41 [Terence/trident of protection (3)]
  2046 | D:2      | Killed Terence
  2396 | D:2      | Found a runed door.
  2400 | D:2      | Noticed Crazy Yiuf
  2408 | D:2      | Killed Crazy Yiuf
  2491 | D:2      | Found a sacrificial altar of Ru.
  2645 | D:2      | Found an ancient bone altar of Kikubaaqudgha.
  2646 | D:2      | Noticed a human
  2650 | D:2      | Killed a human
  2768 | D:3      | Reached XP level 6. HP: 47/47 MP: 6/6
  2809 | D:3      | Reached skill level 6 in Long Blades
  3776 | D:4      | Cast into level 1 of the Abyss (orc wizard)
  3816 | Abyss:1  | Noticed a large abomination
  3818 | Abyss:1  | Noticed a smoke demon
  3818 | Abyss:1  | Noticed a flying skull
  3818 | Abyss:1  | Noticed a wretched star
  3825 | Abyss:1  | Noticed a small abomination
  3847 | Abyss:1  | Mangled by a small abomination

Vault maps used:
D:1:      lemuel_arrival_cross, minmay_misc_feat_five
D:2:      yredelemnul_altar_generic, grunt_dithmenos_smoke_and_mirrors,
          hangedman_ru_absence, nicolae_gozag_seed_capital, first_ration,
          st_stairs_9, tgw_kikubaaqudgha, uniq_crazy_yiuf_cottage, uniq_terence,
          uniq_robin
D:4:      kennysheep_mini

Skill      XL: |  1  2  3  4  5  6 |
---------------+-------------------+-----
Long Blades    | 3 4 5 6 |  6.5
Fighting       | |  3.0
Armour         | |  3.0
Shields        | |  3.0

Action                   |  1- 3 |  4- 6 || total
-------------------------+-------+-------++-------
Melee: Long sword        |    95 |   163 ||   258
Throw: Javelin           |     4 |    24 ||    28
Evoke: Wand              |       |     2 ||     2
  Use: Scroll            |     2 |     3 ||     5
       Potion            |     1 |     3 ||     4
  Eat: Chunk             |       |     6 ||     6
       Ration            |       |     1 ||     1
Armor: Scale mail        |    55 |    99 ||   154
Dodge: Dodged            |    33 |    69 ||   102
Block: Shield            |    58 |   104 ||   162
       Rpst.: Long sword |    11 |    18 ||    29

Table legend:
 A = Spawn XP
 B = Non-spawn XP
 C = Spawn XP percentage of total XP
 D = Spawn monster count
 E = Non-spawn monster count
 F = Spawn count percentage of total count
 G = Total turns spent on level
                    A         B        C        D         E        F      G
               +---------+---------+-------+---------+---------+-------+---------
         Total |       0 |     423 |   0.0 |       0 |      76 |   0.0 |  3847
               +---------+---------+-------+---------+---------+-------+---------
           D:1 |       0 |      34 |   0.0 |       0 |      19 |   0.0 |   902
           D:2 |       0 |     229 |   0.0 |       0 |      34 |   0.0 |  1853
           D:3 |       0 |     158 |   0.0 |       0 |      22 |   0.0 |  1016
           D:4 |       0 |       2 |   0.0 |       0 |       1 |   0.0 |     5
               +---------+---------+-------+---------+---------+-------+---------
